 Dungeon Crawl Stone Soup version 0.17.0-23-g0de4337 (console) character file.

40 jw the Chopper (level 3, 0/39 HPs)
             Began as an Octopode Berserker on Nov 14, 2015.
             Was a Believer of Trog.
             Succumbed to an adder's poison
             ... on level 2 of the Dungeon.
             The game lasted 00:02:53 (1227 turns).

jw the Chopper (Octopode Berserker)                 Turns: 1227, Time: 00:02:53

Health: 0/39       AC:  1    Str: 21    XL:     3   Next: 50%
Magic:  3/3        EV: 13    Int:  9    God:    Trog [**....]
Gold:   76         SH:  0    Dex: 12    Spells: 0 memorised, 2 levels left

rFire  . . .     SeeInvis .     a - +1 hand axe
rCold  . . .     Clarity  .     (no shield)
rNeg   . . .     SustAt   .     (helmet restricted)
rPois  .         Gourm    .     (no amulet)
rElec  .         Spirit   .     (no ring)
rCorr  .         Warding  .     (no ring)
rMut   .         Stasis   .     (no ring)
MR     .....                    (no ring)
Stlth  ..........               (no ring)
                                (no ring)
                                (no ring)
                                (no ring)

@: berserking, lethally poisoned (0 -> -7), very quick, not resistant to hostile
enchantments, extremely unstealthy
A: almost no armour, amphibious, 8 rings, constrict 8, camouflage 1, gelatinous
body 1
a: Berserk, Trog's Hand, Burn Spellbooks, Renounce Religion


You were on level 2 of the Dungeon.
You worshipped Trog.
Trog was pleased with you.
You were not hungry.

You visited 1 branch of the dungeon, and saw 2 of its levels.

You collected 76 gold pieces.

Inventory:

Hand Weapons
 a - a +1 hand axe (weapon)
Missiles
 c - 10 stones
 j - 3 tomahawks (quivered)
Scrolls
 e - a scroll of identify
Comestibles
 b - 2 bread rations
 d - a meat ration
 f - a royal jelly
 g - 4 fruits
 h - a slice of pizza


   Skills:
 + Level 3.4 Fighting
 * Level 4.0 Axes
 + Level 0.6 Throwing
 - Level 3.0 Dodging


You had 2 spell levels left.
You didn't know any spells.

Dungeon Overview and Level Annotations

Branches:
Dungeon (2/15)

Altars:


Innate Abilities, Weirdness & Mutations

You cannot wear most types of armour.
You are amphibious.
You can wear up to eight rings at the same time.
You can use your tentacles to constrict eight enemies at once.
Your skin changes colour to match your surroundings (Stealth).
Your rubbery body absorbs attacks (AC +1).


Message History

Trog accepts your kill.
Your Axes skill increases to level 4!
You feel sick.
ATTACK MOVE TO (-1,0)
You closely miss the giant newt. Your grab misses the giant newt.
The giant newt misses you.
ATTACK MOVE TO (-1,0)
You closely miss the giant newt. Your grab misses the giant newt.
Your squeeze misses the giant newt. You slash the worm!
The worm is moderately wounded.
You feel sick. The giant newt bites you. The worm closely misses you.
ATTACK MOVE TO (-1,0)
You barely miss the giant newt. You grab the giant newt.
You squeeze the giant newt.
You kill the giant newt!
Trog accepts your kill.
You can now call upon Trog for regeneration and protection from hostile enchantments.
You slash the worm!
The worm is severely wounded.
You die...

## ### #. ... ..#
...... ... #.##.......
...###.##.......
................
................
.......###...######.##
...............%x..!.#
....<..........w##.#..#
...##......$...w...# ##
##..........####
#..........#
#..........#
############


You could see 2 worms.

Table legend:
 A = Turns spent in this place as a percentage of turns spent in the entire game.
 B = Non-inter-level travel turns spent in this place as a percentage of non-inter-level travel turns spent in the entire game.
 C = Inter-level travel turns spent in this place as a percentage of turns spent in this place.
 D = Turns resting spent in this place as a percentage of non-inter-level travel turns spent in this place.
 E = Turns spent auto-exploring this place as a percentage of non-inter-level travel turns spent in this place.
 F = Non-inter-level travel turns spent in this place divided by the number of levels of this place that you've seen.
                   A       B       C       D       E      F
               +-------+-------+-------+-------+-------+----------------------
         Total | 100.0 | 100.0 |   0.5 |   1.1 |   2.8 | 705.5
       Dungeon | 100.0 | 100.0 |   0.5 |   1.1 |   2.8 | 705.5
               +-------+-------+-------+-------+-------+----------------------

Table legend:
 A = Kills in this place as a percentage of kills in entire the game.
 B = Kills by you in this place as a percentage of kills by you in the entire game.
 C = Kills by friends in this place as a percentage of kills by friends in the entire game.
 D = Other kills in this place as a percentage of other kills in the entire game.
 E = Experience gained in this place as a percentage of experience gained in the entire game.
 F = Experience gained in this place divided by the number of levels of this place that you have seen.
                   A       B       C       D       E      F
               +-------+-------+-------+-------+-------+----------------------
         Total | 100.0 | 100.0 |  -nan |  -nan | 100.0 |  29.0
       Dungeon | 100.0 | 100.0 |  -nan |  -nan | 100.0 |  29.0
               +-------+-------+-------+-------+-------+----------------------

Vanquished Creatures
  A gnoll (D:1)
  An adder (D:2)
  A giant gecko (D:1)
  A goblin (D:1)
  A hobgoblin (D:1)
  3 jackals (D:1)
  A ball python (D:1)
  2 bats (D:1)
  2 giant newts
  4 kobolds (D:1)
  7 rats (D:1)
24 creatures vanquished.

Notes
Turn   | Place    | Note
--------------------------------------------------------------
     0 | D:1      | jw the Octopode Berserker began the quest for the Orb.
     0 | D:1      | Reached XP level 1. HP: 16/16 MP: 1/1
   328 | D:1      | Reached XP level 2. HP: 21/21 MP: 2/2
   782 | D:1      | Reached XP level 3. HP: 26/26 MP: 3/3
  1224 | D:2      | Reached skill level 4 in Axes
  1226 | D:2      | HP: 1/39 [giant newt (1)]
  1227 | D:2      | Reached ** piety under Trog
  1227 | D:2      | Succumbed to an adder's poison

Action                   || total
-------------------------++-------
Melee: Hand axe          ||    41
Throw: Stone             ||    30
       Tomahawk          ||     1
Invok: Berserk           ||     2
  Use: Scroll            ||     4
 Stab: Sleeping          ||     2
  Eat: Chunk             ||     2

Vault maps used:
D:1:      dpeg_arrival_leaves_temple_mockup, kennysheep_boxes
D:2:      lemuel_crystal_altar, first_bread, led_sif_pool
